 Dungeon Crawl Stone Soup version 0.24-a0-201-gf205589 (webtiles) character file.

Game seed: 12320325279311038635

39 emperorscorpion the Shield-Bearer (level 3, 0/19 HPs)
             Began as a Vine Stalker Fighter on Mar 20, 2019.
             Slain by a scorpion (3 damage)
             ... on level 2 of the Dungeon.
             The game lasted 00:01:31 (1251 turns).

emperorscorpion the Shield-Bearer (VSFi)            Turns: 1251, Time: 00:01:32

Health: 0/19       AC:  6    Str: 18    XL:     3   Next: 47%
Magic:  0/4        EV:  7    Int:  8    God:
Gold:   11         SH:  9    Dex: 14    Spells: 2/2 levels left

rFire    . . .     SeeInvis .   a - +0 rapier
rCold    . . .     Gourm    .   c - +0 shield
rNeg     . . .     Faith    .   b - +0 scale mail
rPois    .         Spirit   +   (no helmet)
rElec    .         Reflect  .   (no cloak)
rCorr    .         Harm     .   (no gloves)
MR       .....                  (no boots)
Stlth    ..........             (no amulet)
HPRegen  0.06/turn              (no ring)
MPRegen  0.09/turn              (no ring)

@: lethally poisoned (0 -> -6)
A: fangs 2, magic shield, antimagic bite, no potion heal 3, rot immunity
a: no special abilities


You were on level 2 of the Dungeon.
You were not hungry.

You visited 1 branch of the dungeon, and saw 2 of its levels.

You collected 11 gold pieces.

Inventory:

Hand Weapons
 a - a +0 rapier (weapon)
Armour
 b - a +0 scale mail (worn)
 c - a +0 shield (worn)
Scrolls
 h - a scroll of teleportation
Potions
 d - a potion of might
Comestibles
 f - a ration


   Skills:
 + Level 2.8 Fighting
 + Level 2.2 Short Blades
 + Level 2.7 Armour
 + Level 3.3 Shields


You had 2 spell levels left.
You didn't know any spells.
Your spell library was empty.

Dungeon Overview and Level Annotations

Branches:
Dungeon (2/15)

Altars:


Innate Abilities, Weirdness & Mutations

You have extremely sharp teeth.
When hurt, damage is shared between your health and your magic reserves.
Your bite disrupts and absorbs the magic of your enemies.
Potions cannot restore your health.
You are immune to rotting.


Message History

You feel sick. You block the scorpion's attack.
You hit the scorpion but do no damage. Your bite misses the scorpion.
The scorpion is heavily wounded.
The scorpion stings you but does no damage.
You completely miss the scorpion. You bite the scorpion. You drain its power.
You feel invigorated.
The scorpion is severely wounded.
You feel sick. The scorpion stings you.
You are too injured to fight recklessly!
You are too injured to fight recklessly!
You are too injured to fight recklessly!
You are too injured to fight recklessly!
You hit the scorpion but do no damage.
The scorpion is severely wounded.
You feel sick. The scorpion stings you.
* * * LOW HITPOINT WARNING * * *
You closely miss the scorpion.
The scorpion is severely wounded.
The scorpion stings you.
You die...

###
....>######
#...s@..#
##.####.#
#<# #.# #.#
#.# ..# ###


You could see a scorpion.

Vanquished Creatures
  A gnoll (D:1)
  2 leopard geckos (D:1)
  4 bats (D:1)
  6 giant cockroaches (D:1)
  4 kobolds (D:1)
  3 goblins (D:1)
  7 rats (D:1)
27 creatures vanquished.

Vanquished Creatures (others)
  5 toadstools (D:1)
5 creatures vanquished.

Grand Total: 32 creatures vanquished

Notes
Turn   | Place    | Note
-------+----------+-------------------------------------------
     0 | D:1      | emperorscorpion the Vine Stalker Fighter began the quest
                  | for the Orb.
     0 | D:1      | Reached XP level 1. HP: 11/11 MP: 2/2
   135 | D:1      | Reached XP level 2. HP: 16/16 MP: 3/3
   174 | D:1      | Reached skill level 3 in Shields
   562 | D:1      | Reached XP level 3. HP: 8/19 MP: 2/4
  1241 | D:2      | Noticed a scorpion
  1251 | D:2      | Slain by a scorpion

Levels and vault maps discovered:
D:1:      ldierk_walled_garden, layout_basic, chequers_serial_rivers_room_b,
          minmay_worlds_worst_comb
D:2:      layout_loops_ring

Skill      XL: |  1  2 |
---------------+-------+-----
Shields        | 3 |  3.3
Short Blades   | 2 |  2.2
Fighting       | |  2.8
Armour         | |  2.7

Action                   || total
-------------------------++-------
Melee: Rapier            ||    80
       Bite              ||    14
  Use: Scroll            ||     1
  Eat: Chunk             ||     1
Armor: Scale mail        ||    46
Dodge: Dodged            ||    25
Block: Shield            ||    43

Table legend:
 A = Non-vault XP
 B = Vault XP
 C = Vault XP percentage of total XP
 D = Non-vault monster count
 E = Vault monster count
 F = Vault count percentage of total count
                 A         B        C        D         E       F
            +---------+---------+-------+---------+---------+-------
      Total |      47 |      10 |  17.5 |      22 |       5 |  18.5
            +---------+---------+-------+---------+---------+-------
        D:1 |      47 |      10 |  17.5 |      22 |       5 |  18.5
            +---------+---------+-------+---------+---------+-------
